 Dungeon Crawl Stone Soup version 0.29.1-15-g9cfb28693d (webtiles) character file.

Game seed: 16920141437384974323

72 H0rd4k the Charlatan (level 4, 0/33 HPs)
             Began as a Human Artificer on Apr 18, 2023.
             Slain by an orc
             ... wielding a +0 hand axe
              (4 damage)
             ... on level 2 of the Dungeon.
             The game lasted 00:01:05 (1977 turns).

H0rd4k the Charlatan (Human Artificer)              Turns: 1977, Time: 00:01:06

Health: 0/33       AC:  4    Str: 12    XL:     4   Next: 50%
Magic:  4/4        EV: 11    Int: 13    God:
Gold:   130        SH:  0    Dex: 14    Spells: 3/3 levels left

rFire   . . .      SeeInvis .   f - +0 dagger (elec)
rCold   . . .      Faith    .   (no shield)
rNeg    . . .      Spirit   .   b - +0 leather armour
rPois   .          Reflect  .   o - +1 hat
rElec   .          Harm     .   (no cloak)
rCorr   .          Rampage  .   (no gloves)
Will    .....                   (no boots)
Stlth   ++........              (no amulet)
HPRegen 0.11/turn               (no ring)
MPRegen 0.09/turn               (no ring)

@: no status effects
A: no striking features
a: no special abilities


You were on level 2 of the Dungeon.
You visited 1 branch of the dungeon, and saw 2 of its levels.

You collected 130 gold pieces.

Inventory:

Hand Weapons
 f - a +0 dagger of electrocution (weapon)
Armour
 b - a +0 leather armour (worn)
 o - a +1 hat (worn)
Jewellery
 m - a +6 ring of intelligence
Wands
 c - a wand of flame (15) (quivered)
 d - a wand of charming (15)
 e - a wand of iceblast (5)
Scrolls
 a - 2 scrolls of identify {unknown}
 g - 2 scrolls of teleportation {unknown}
 h - a scroll of enchant weapon {unknown}
 i - a scroll of blinking {unknown}
 j - a scroll of noise {unknown}
 k - a scroll of magic mapping {unknown}
 n - a scroll of acquirement {unknown}
 p - 2 scrolls of amnesia {unknown}
Potions
 l - a potion of lignification {unknown}


   Skills:
 + Level 1.6 Fighting
 + Level 1.0 Short Blades
 + Level 0.3 Maces & Flails
 - Level 2.0 Armour
 + Level 1.2 Dodging
 + Level 1.4 Stealth
 + Level 4.2 Evocations


You had 3 spell levels left.
You didn't know any spells.
Your spell library was empty.

Dungeon Overview and Level Annotations

Branches:
Dungeon (2/15)

Altars:


Message History

The hobgoblin is severely wounded.
The hobgoblin hits you but does no damage.
You hit the hobgoblin.
Lightning courses through the hobgoblin!
You kill the hobgoblin!
You completely miss the orc priest. You closely miss the orc priest.
The orc priest misses you.
You hit the orc priest but do no damage.
The orc priest hits you with a +0 club.
You hit the orc priest.
The orc priest is lightly wounded.
The orc priest hits you with a +0 club.
* * * LOW HITPOINT WARNING * * *
You hit the orc priest.
Lightning courses through the orc priest!
You kill the orc priest!
Your Short Blades skill increases to level 1!
You have reached level 4!
You feel agile.
You hit the orc.
The orc is heavily wounded.
The orc hits you with a +0 hand axe.
* * * LOW HITPOINT WARNING * * *
You hit the orc but do no damage.
The orc is heavily wounded.
The orc closely misses you.
You hit the orc.
The orc is almost dead.
The orc hits you with a +0 hand axe.
* * * LOW HITPOINT WARNING * * *
You hit the orc but do no damage.
The orc is almost dead.
The orc barely misses you.
You barely miss the orc.
The orc is almost dead.
The orc barely misses you.
You closely miss the orc.
The orc is almost dead.
The orc hits you with a +0 hand axe.
You die...

####### #.)...#
.....# ...
....# #.# ...#
#.# ..# #.# #o#
#.#
...###@######.#
#..........##.#
#
#.###.####.##.#
.. #.
#.##......#
#.#.
#.##.#.####
..... #.##.#.#
#..##......#
#.....†..### #
####.##### .###


You could see an orc.

Vanquished Creatures
  An orc priest (D:2)
  3 worms (D:2)
  3 orcs (D:2)
  3 endoplasms (D:1)
  2 goblins (D:1)
  5 hobgoblins
  2 jackals (D:1)
  3 kobolds
  3 ball pythons
  3 frilled lizards
  4 rats (D:2)
32 creatures vanquished.

Notes
Turn   | Place    | Note
-------+----------+-------------------------------------------
     0 | D:1      | H0rd4k the Human Artificer began the quest for the Orb.
     0 | D:1      | Reached XP level 1. HP: 15/15 MP: 1/1
    86 | D:1      | Found a faded altar of an unknown god.
   400 | D:1      | Reached XP level 2. HP: 14/21 MP: 2/2
  1282 | D:2      | Reached XP level 3. HP: 26/26 MP: 3/3
  1358 | D:2      | Reached skill level 4 in Evocations
  1972 | D:2      | Reached skill level 1 in Short Blades
  1972 | D:2      | Reached XP level 4. HP: 8/33 MP: 4/4
  1977 | D:2      | Slain by an orc

Illustrated notes

Levels and vault maps discovered:
D:1:      lightli_arrival_flooded_house, layout_loops_ring,
          dreamdust_ecumenical_altar_grove, minmay_crystal_water,
          minmay_tetromino_s2
D:2:      layout_loops_cross, kennysheep_generic_room_13

Skill      XL: |  1  2  3 |
---------------+----------+-----
Evocations     | 4 |  4.2
Short Blades   | 1 |  1.0
Fighting       | |  1.6
Maces & Flails | |  0.3
Armour         | |  2.0
Dodging        | |  1.2
Stealth        | |  1.4

Action                   |  1- 3 |  4- 6 || total
-------------------------+-------+-------++-------
Melee: Dagger            |   112 |     6 ||   118
       Club              |     5 |       ||     5
       Punch             |     1 |       ||     1
 Stab: Sleeping          |     1 |       ||     1
Armor: Leather armour    |    27 |       ||    27
Dodge: Dodged            |    53 |     3 ||    56
